 Dungeon Sprint DCSS version 0.30-a0-469-g84de5afbc5 (webtiles) character file.

Game seed: 6994963782229166776

2800000 NinjaNoafa the Acrobat (level 19, -35/167 HPs)
             Began as a Djinni Warper on Dec 20, 2022.
             Was an Elder of Makhleb.
             Annihilated by The Servant
             ... wielding a +9 glaive of flaming
              (79 damage)
             ... in the Dungeon (Sprint VIII: "Arena of Blood").
             The game lasted 00:02:00 (28 turns).

NinjaNoafa the Acrobat (Djinni Warper)                Turns: 28, Time: 00:02:01

Health: -35/167    AC: 17    Str: 10    XL:     19   Next: 14%
Gold:   0          EV: 38    Int: 17    God:    Makhleb [****..] SH:  0 Dex: 19

rFire   . . .      SeeInvis .    (weapon currently unavailable)
rCold   . . .      Faith    .    (shield currently unavailable)
rNeg    . . .      Spirit   .    (body armour currently unavailable)
rPois   ∞          Reflect  .    (helmet currently unavailable)
rElec   +          Harm     .    (cloak currently unavailable)
rCorr   .          Rampage  .    (gloves currently unavailable)
Will    +....      NoTele   +    (boots unavailable)
Stlth   ++........               (no amulet)
HPRegen 0.47/turn                (no ring)
MPRegen 0.00/turn                (no ring)

@: storm-form, liquefying, flying, very slightly contaminated, slowed movement,
very slow
A: cleaving, insubstantial, flying, sickness immunity, (fire resistance 2),
(cold vulnerability 1), float, innate caster, HP casting, extra vitality 1
a: Blinkbolt, End Transformation, Renounce Religion, Minor Destruction, Lesser
Servant of Makhleb, Major Destruction


You were in the Dungeon.
You worshipped Makhleb.
Makhleb was greatly pleased with you.
You were a lightning-filled tempest!
You visited 1 branch

Inventory:

Hand Weapons
 a - a +0 hand axe
 i - the +∞ Axe of Woe (melded)
   (You found it in the Dungeon)
Missiles
 d - 7 boomerangs of dispersal (quivered)
Armour
 b - a +0 leather armour (melded)
Jewellery
 j - a +30 ring of slaying
Scrolls
 c - 2 scrolls of blinking
Potions
 e - a potion of curing
 f - a potion of heal wounds
 g - a potion of haste
 h - a potion of berserk rage


   Skills:
 + Level 24.8 Fighting
 + Level 21.4 Axes
 - Level 11.6 Throwing
 + Level 24.7 Armour
 + Level 26.7 Dodging
 + Level 19.9 Spellcasting
 + Level 21.5 Invocations


You had 3 spell levels left.
You knew the following spells:

 Your Spells              Type           Power      Damage    Failure   Level
a - Blink                 Tloc           100%       N/A       0%          2
b - Lesser Beckoning      Tloc           100%       N/A       0%          3
c - Vhi's Electric Charg  Tloc/Air       100%       N/A       0%          3
d - Teleport Other        Tloc           71%        N/A       0%          3
e - Manifold Assault      Tloc           71%        N/A       0%          4
f - Shock                 Conj/Air       100%       1d9       0%          1
g - Poisonous Vapours     Pois/Air       100%       N/A       0%          2
h - Tukima's Dance        Hex            71%        N/A       0%          3
i - Leda's Liquefaction   Hex/Erth       35%        N/A       0%          4
j - Iskenderun's Mystic   Conj/Tloc      71%        2d14      0%          4
k - Irradiate             Conj/Tmut      35%        3d23      1%          5
l - Starburst             Conj/Fire      35%        6d10      1%          6
m - Storm Form            Tmut/Air       35%        N/A       1%          7
n - Orb of Destruction    Conj           35%        9d10      1%          7
Your spell library was empty.

Dungeon Overview and Level Annotations

Branches:
Dungeon (1/1)

Altars:
Makhleb

Annotations:
D The Servant


Innate Abilities, Weirdness & Mutations

You are a lightning-filled tempest!
Your electrical attacks strike out in all directions at once.
You are incredibly evasive.
Your insubstantial body is immune to petrification, constriction, and being set on fire You are flying.
Your armour is entirely melded.
You are incapable of wielding weapons or throwing items.
You are immune to sickness and miasma.
You are immune to poison.
((Your flesh is very heat resistant. (rF++)))
((You are vulnerable to cold. (rC-)))
You float through the air rather than walking.
You learn spells naturally, not from books.
Your magical power is your life essence.
You have superior vitality. (+4 MHP)


Message History

Your Executioner closely misses the bag of meat.
Your Executioner barely misses the bag of meat.
Your Executioner hits the bag of meat.
You hear a shout! x5
The bag of meat hits your Executioner with a +9 war axe!!!
The bag of meat hits you with a +9 war axe.
The bag of meat hits your Executioner with a +9 war axe!
You hear a shout!
Your Executioner is engulfed in blazing flames.
Your Executioner gestures.
Your Executioner seems to speed up.
The Servant hits you with a +9 glaive of flaming!
The Servant burns you.
You hear a shout! x3
Blink to where?
Press: ? - help, Dir - move target
Okay, then.
Cast which spell? (? or * to list) Space momentarily warps into an impossible shape!
You blast the meat berserker!!!
Lightning courses through the meat berserker!
You barely miss the bag of meat.
You are engulfed in blazing flames.
Your Executioner is engulfed in blazing flames.
Your Executioner misses the bag of meat.
Your Executioner hits the bag of meat! Your Executioner hits the bag of meat.
You hear a shout! x2
Your Executioner barely misses the bag of meat.
Your Executioner hits the bag of meat! Your Executioner hits the bag of meat.
You hear a shout! x2
The bag of meat hits you with a +9 war axe!
* * * LOW HITPOINT WARNING * * *
The bag of meat hits your Executioner with a +9 war axe!
You hear a shout! x6
The bag of meat hits your Executioner with a +9 war axe.
You hear a shout!
Your Executioner is engulfed in blazing flames.
Your Executioner hits the bag of meat!! Your Executioner hits the bag of meat!
Your Executioner hits the bag of meat.
The Servant hits you with a +9 glaive of flaming!!!!
You die...

..... ... #...
..# . #... ..# .
..###... ..###..
......###......
.....§§☼..)..
#.§@§.# #_§☼vo#
#).§o)#
......).§o1..O...
.......###Oo..oo.
..###... ..###OO
. #... ..# o #...
..# ..... ...
.... ....


You could see The Servant, a large bag of meat (inner flame), 2 meat berserkers,
6 bags of meat and a friendly Executioner (summoned, fast).

Vanquished Creatures
  A vampire knight (D)
  8 ogres (D)
  2 two-headed ogres (D)
  6 orcs (D)
17 creatures vanquished.

Vanquished Creatures (others)
  A dancing weapon (D)
1 creature vanquished.

Grand Total: 18 creatures vanquished

Notes
Turn   | Place    | Note
-------+----------+-------------------------------------------
     0 | D        | Found the +∞ Axe of Woe
     0 | D        | NinjaNoafa the Djinni Warper began the quest for the Orb.
     0 | D        | NinjaNoafa set off with the following spells memorised:
                  | Blink, Lesser Beckoning, Vhi's Electric Charge, Teleport
                  | Other, Manifold Assault.
     0 | D        | Reached XP level 1. HP: 18/18 MP: 0/0
     2 | D        | Noticed a bag of meat
     2 | D        | Noticed a bag of meat
     4 | D        | Became a worshipper of Makhleb the Destroyer
     5 | D        | Killed a bag of meat
     6 | D        | Reached skill level 10 in Armour
     6 | D        | Reached skill level 12 in Dodging
     6 | D        | Reached XP level 2. HP: 37/37 MP: 0/0
     6 | D        | Reached XP level 3. HP: 42/42 MP: 0/0
     6 | D        | Learned a level 1 spell: Shock
     6 | D        | Reached XP level 4. HP: 49/49 MP: 0/0
     6 | D        | Reached XP level 5. HP: 53/53 MP: 0/0
     6 | D        | Learned a level 2 spell: Poisonous Vapours
     6 | D        | Reached XP level 6. HP: 59/59 MP: 0/0
     6 | D        | Reached XP level 7. HP: 65/65 MP: 0/0
     6 | D        | Learned a level 3 spell: Tukima's Dance
     6 | D        | Reached XP level 8. HP: 71/71 MP: 0/0
     6 | D        | Reached XP level 9. HP: 76/76 MP: 0/0
     6 | D        | Learned a level 4 spell: Leda's Liquefaction
     6 | D        | Reached XP level 10. HP: 82/82 MP: 0/0
     6 | D        | Reached XP level 11. HP: 87/87 MP: 0/0
     6 | D        | Learned a level 4 spell: Iskenderun's Mystic Blast
     6 | D        | Noticed a bag of meat
     6 | D        | Noticed a meat berserker
     6 | D        | Noticed a meat berserker
     7 | D        | Noticed a bag of meat
     9 | D        | Noticed a meat berserker
     9 | D        | Noticed a meat berserker
    10 | D        | Noticed a meat berserker
    11 | D        | Killed a meat berserker
    11 | D        | Reached * piety under Makhleb
    11 | D        | Noticed a meat berserker
    12 | D        | Reached skill level 14 in Dodging
    12 | D        | Reached XP level 12. HP: 56/99 MP: 0/0
    12 | D        | Reached XP level 13. HP: 58/104 MP: 0/0
    12 | D        | Learned a level 5 spell: Irradiate
    12 | D        | Killed a meat berserker
    12 | D        | Killed a bag of meat
    12 | D        | Killed a meat berserker
    12 | D        | Reached ** piety under Makhleb
    13 | D        | Reached skill level 18 in Dodging
    13 | D        | Reached skill level 10 in Invocations
    13 | D        | Reached XP level 14. HP: 94/119 MP: 0/0
    13 | D        | Reached XP level 15. HP: 98/124 MP: 0/0
    13 | D        | Learned a level 6 spell: Starburst
    14 | D        | Reached skill level 15 in Axes
    14 | D        | Reached skill level 19 in Dodging
    14 | D        | Killed a meat berserker
    14 | D        | Killed a meat berserker
    14 | D        | Reached *** piety under Makhleb
    15 | D        | Reached skill level 21 in Dodging
    15 | D        | Reached skill level 15 in Spellcasting
    15 | D        | Reached XP level 16. HP: 132/136 MP: 0/0
    16 | D        | Killed a meat berserker
    17 | D        | Reached skill level 15 in Invocations
    18 | D        | Noticed a meat berserker
    18 | D        | Noticed a large bag of meat
    19 | D        | Noticed a destroyer
    20 | D        | Noticed a large bag of meat
    20 | D        | Noticed a meat berserker
    21 | D        | Killed a large bag of meat
    22 | D        | Reached skill level 22 in Dodging
    22 | D        | Reached XP level 17. HP: 135/146 MP: 0/0
    22 | D        | Learned a level 7 spell: Storm Form
    23 | D        | Reached **** piety under Makhleb
    23 | D        | Killed a meat berserker
    23 | D        | Killed a destroyer
    23 | D        | Noticed a large bag of meat
    24 | D        | Reached skill level 24 in Dodging
    24 | D        | Reached XP level 18. HP: 151/157 MP: 0/0
    24 | D        | Noticed a meat berserker
    24 | D        | Killed a large bag of meat
    24 | D        | Killed a meat berserker
    24 | D        | Reached ***** piety under Makhleb
    25 | D        | Reached skill level 26 in Dodging
    25 | D        | Reached XP level 19. HP: 151/167 MP: 0/0
    25 | D        | Learned a level 7 spell: Orb of Destruction
    26 | D        | Noticed a meat berserker
    27 | D        | Noticed a meat berserker
    27 | D        | Noticed The Servant
    28 | D        | Annihilated by The Servant

Illustrated notes

Levels and vault maps discovered:
D:        meatsprint

Skill      XL: |  1  2  3  4  5  6  7  8  9 10 11 12 13 14 15 16 17 18 |
---------------+-------------------------------------------------------+-----
Fighting       | 11 13 17 19 21 22 24 | 24.8
Axes           | 9 11 14 16 18 19 21 | 21.4
Throwing       | 9 11 | 11.6
Armour         | 10 13 17 19 20 22 24 | 24.7
Dodging        | 12 14 18 21 22 24 26 | 26.7
Spellcasting   | 8 11 13 15 16 18 19 | 19.9
Invocations    | 10 14 16 19 21 | 21.5

Action                   |  1- 3 |  4- 6 |  7- 9 | 10-12 | 13-15 | 16-18 | 19-21 || total
-------------------------+-------+-------+-------+-------+-------+-------+-------++-------
Melee: Executioner's axe |     1 |       |       |     1 |     3 |     4 |       ||     9
       Unarmed           |       |       |       |       |       |       |     3 ||     3
 Cast: Tukima's Dance    |       |       |       |     2 |       |       |       ||     2
       Manifold Assault  |       |       |       |       |       |     1 |     1 ||     2
       Leda's Liquefacti |       |       |       |       |       |     1 |       ||     1
       Starburst         |       |       |       |       |       |     1 |       ||     1
       Irradiate         |       |       |       |       |       |     1 |       ||     1
       Storm Form        |       |       |       |       |       |       |     1 ||     1
Invok: Greater Servant o |       |       |       |       |       |       |     1 ||     1
Dodge: Dodged            |       |       |       |     1 |       |     1 |       ||     2

Table legend: (Time is in decaauts)
 A = Elapsed time spent in this place.
 B = Non-inter-level travel time spent in this place.
 C = Inter-level travel time spent in this place.
 D = Time resting spent in this place.
 E = Time spent auto-exploring this place.
 F = Levels seen in this place.
 G = Mean time per level.
                   A        B        C        D        E       F      G
               +--------+--------+--------+--------+--------+-----+--------+
         Total |     30 |     30 |      0 |      0 |      0 |   1 |   30.0 |
       Dungeon |     30 |     30 |      0 |      0 |      0 |   1 |   30.0 |
               +--------+--------+--------+--------+--------+-----+--------+

Top non-repeatable levels by time:
       D: 30 daAuts
